 Dungeon Crawl Stone Soup version 0.17.1-3-g152610e (webtiles) character file.

160 Jerry the Skirmisher (level 5, -10/47 HPs)
             Began as a Draconian Fighter on Mar 31, 2016.
             Killed by divine providence
             ... invoked by an orc priest
              (12 damage)
             ... on level 3 of the Dungeon.
             The game lasted 00:06:43 (2401 turns).

Jerry the Skirmisher (Draconian Fighter)            Turns: 2401, Time: 00:06:43

Health: -10/47     AC:  5    Str: 20    XL:     5   Next: 17%
Magic:  5/5        EV: 11    Int:  9    God:
Gold:   154        SH:  9    Dex: 11    Spells: 0 memorised, 4 levels left

rFire  . . .     SeeInvis .     r - +2 dagger (pain)
rCold  . . .     Clarity  +     (armour unavailable)
rNeg   . . .     SustAt   .     b - +0 shield
rPois  .         Gourm    .     (helmet restricted)
rElec  .         Spirit   .     (no cloak)
rCorr  .         Warding  .     (no gloves)
rMut   .         Stasis   .     (no boots)
MR     .....                    (no amulet)
Stlth  +.........               (no ring)
                                (no ring)

@: not resistant to hostile enchantments, very unstealthy
A: unfitting armour, clarity, high mp 1, strong 1, cold-blooded, AC +5
a: no special abilities


You were on level 3 of the Dungeon.
You were not hungry.

You visited 1 branch of the dungeon, and saw 3 of its levels.

You collected 154 gold pieces.

Inventory:

Hand Weapons
 a - a +0 long sword
 r - a +2 dagger of pain (weapon)
Armour
 b - a +0 shield (worn)
 g - a +0 pair of gloves
Jewellery
 s - an uncursed ring of protection from magic {unknown}
Wands
 p - a wand of polymorph (12)
Scrolls
 f - 3 scrolls of blinking {unknown}
 h - a scroll of fog {unknown}
 o - a scroll of enchant armour {unknown}
 q - 2 scrolls of remove curse {unknown}
 t - 2 scrolls of identify {unknown}
Potions
 c - a potion of might
 e - a potion of mutation
 i - a potion of cancellation {unknown}
 k - a potion of magic {unknown}
 l - 2 potions of curing {unknown}
 m - a potion of haste {unknown}
Comestibles
 d - 5 bread rations
 j - 7 fruits
 n - 5 chunks of flesh


   Skills:
 + Level 4.8 Fighting
 - Level 2.0 Long Blades
 + Level 3.7 Dodging
 + Level 4.0 Shields


You had 4 spell levels left.
You didn't know any spells.

Dungeon Overview and Level Annotations

Branches:
Dungeon (3/15)

Altars:
Elyvilon
Sif Muna
Trog
Vehumet


Innate Abilities, Weirdness & Mutations

Your plain brown scales are hard (AC +5).
Your body does not fit into most forms of armour.
You are cold-blooded and may be slowed by cold attacks.
You possess an exceptional clarity of mind.
You have an increased reservoir of magic (+10% MP).
Your muscles are strong. (Str +2)


Message History

Something smites you!
* * * LOW HITPOINT WARNING * * *
You are too injured to fight recklessly!
You are too injured to fight recklessly!
You hit the hobgoblin.
The hobgoblin is almost dead.
The hobgoblin hits you but does no damage.
You hit the hobgoblin.
You kill the hobgoblin!
The orc misses you.
You barely miss the orc. You hit the orc but do no damage.
The orc hits you with a short sword!
* * * LOW HITPOINT WARNING * * *
The orc misses you.
Drink which item? (? for menu, Esc to quit)
It was a potion of mutation.
You feel extremely strange.
You feel more energetic.
Your thoughts seem clearer.
You feel stronger.
The orc priest mumbles some strange prayers to Beogh against you.
Something smites you!
You die...

#####.# #.....# #.....#
#..### #.....# #(.#..
#.....# #oo#.# #.....#
..sl# ########.########
.... #.......(##......
#..#
#@o....รทรท#.......
#..# #o####.......#
#..####o##.>...#.......
#..........#..#.....##.
##....#.####..#....##
###..........#......
#..................
#...##########.#####
#...# .#


You could see an orc priest and 2 orcs.

Vanquished Creatures
  Terence (D:2)
  A gnoll (D:1)
  4 adders
  An ooze (D:1)
  2 worms (D:2)
  A giant gecko (D:1)
  4 orcs (D:3)
  12 hobgoblins
  12 jackals
  A quokka (D:2)
  8 bats
  2 giant cockroaches
  5 giant newts
  7 goblins
  8 kobolds
  5 rats
74 creatures vanquished.

Notes
Turn   | Place    | Note
--------------------------------------------------------------
     0 | D:1      | Jerry the Draconian Fighter began the quest for the Orb.
     0 | D:1      | Reached XP level 1. HP: 19/19 MP: 1/1
    66 | D:1      | Reached XP level 2. HP: 24/26 MP: 2/2
   675 | D:1      | Reached XP level 3. HP: 33/33 MP: 3/3
  1183 | D:2      | Reached skill level 4 in Fighting
  1401 | D:2      | Found a white marble altar of Elyvilon.
  1404 | D:2      | Found a radiant altar of Vehumet.
  1406 | D:2      | Found a bloodstained altar of Trog.
  1479 | D:2      | Noticed Terence
  1488 | D:2      | Killed Terence
  1488 | D:2      | Reached XP level 4. HP: 41/41 MP: 4/4
  1739 | D:2      | Found a deep blue altar of Sif Muna.
  2034 | D:3      | Reached XP level 5. HP: 10/47 MP: 5/5
  2400 | D:3      | HP: 1/47 [orc/short sword (8)]
  2401 | D:3      | Gained mutation: You have an increased reservoir of magic (+10% MP). [potion of mutation]
  2401 | D:3      | Gained mutation: You possess an exceptional clarity of mind. [potion of mutation]
  2401 | D:3      | Gained mutation: Your muscles are strong. (Str +2) [potion of mutation]
  2401 | D:3      | Killed from afar by an orc priest

Action                   |  1- 3 |  4- 6 || total
-------------------------+-------+-------++-------
Melee: Long sword        |   167 |    40 ||   207
       Dagger            |       |    77 ||    77
  Use: Potion            |     1 |     1 ||     2
 Stab: Sleeping          |     1 |       ||     1
  Eat: Chunk             |     2 |     3 ||     5
